 Dungeon Sprint DCSS version 0.21-a0-264-g3e31e41 (webtiles) character file.

27675 minicreteconcrete the Sorcerer (level 13, -2/72 HPs)
             Began as a Deep Elf Necromancer on Sept 8, 2017.
             Was the Champion of Sif Muna.
             Slain by a tyrant leech (49 damage)
             ... in the Dungeon (Sprint IX: "|||||||||||||||||||||||||||||").
             The game lasted 00:24:38 (1662 turns).

minicreteconcrete the Sorcerer (DENe)               Turns: 1662, Time: 00:24:38

Health: -2/72      AC: 12    Str:  5    XL:     13   Next: 5%
Magic:  11/50      EV: 19    Int: 26    God:    Sif Muna [******]
Gold:   266        SH:  0    Dex: 15    Spells: 7/56 levels left

rFire    . . .     SeeInvis +   a - +9 quarterstaff (speed)
rCold    . . .     Gourm    .   (shield currently unavailable)
rNeg     . . .     Faith    .   Q - +2 robe {Archmagi}
rPois    .         Spirit   .   x - +0 helmet {SInv}
rElec    .         Reflect  .   H - +1 cloak
rCorr    .         Harm     .   s - +1 pair of gloves {archery}
MR       +....     NoTele   +   y - +1 pair of boots
Stlth    ++........             R - amulet of regeneration
HPRegen  0.62/turn              S - ring of see invisible
MPRegen  0.32/turn              U - ring of magical power

@: no status effects
A: no striking features
a: Divine Energy, Channel Magic, Forget Spell, Renounce Religion


You were in the Dungeon.
You worshipped Sif Muna.
Sif Muna was exalted by your worship.
You were not hungry.

You visited 1 branch You collected 1939 gold pieces.
You spent 1673 gold pieces at shops.

Inventory:

Hand Weapons
 a - a +9 quarterstaff of speed (weapon)
 p - the +2 morningstar "Xarhegynuf" {crush, *Corrode rPois rN+++ Str-3}
   (You found it in the Dungeon)

   It inflicts extra damage upon your enemies.
   It affects your strength (-3).
   It protects you from poison.
   It renders you almost immune to negative energy.
   It may corrode you when you take damage.
 M - a +1 vampiric halberd
Missiles
 w - 5 tomahawks (quivered)
 J - a throwing net
Armour
 s - a +1 pair of gloves of archery (worn)
 x - a +0 helmet of see invisible (worn)
 y - a +1 pair of boots (worn)
 A - a +2 troll leather armour
 H - a +1 cloak (worn)
 Q - a +2 robe of the Archmagi (worn)
 W - the +14 chain mail of the Accordion {SInv}
   (You bought it in a shop in the Dungeon)

   It lets you see invisible.
Magical Staves
 b - an uncursed staff of energy
Jewellery
 q - an uncursed ring of ice
 t - an uncursed ring of protection from magic
 u - a +2 ring of protection
 v - a +2 ring of evasion
 C - a +2 ring of strength
 R - an amulet of regeneration (around neck)
 S - a ring of see invisible (left hand)
 T - the ring of Puytwagh {*Slow rF- MP+9 Str+3 Slay+5 SInv}
   (You bought it in a shop in the Dungeon)

   [ring of strength]

   It affects your strength (+3).
   It affects your accuracy and damage with ranged weapons and melee attacks
   (+5).
   It makes you vulnerable to fire.
   It affects your magic capacity (+9).
   It lets you see invisible.
   It may slow you when you take damage.
 U - a ring of magical power (right hand)
 X - an uncursed ring of ice
 Y - an uncursed ring of poison resistance
Wands
 n - a wand of lightning (0/15)
Scrolls
 i - 3 scrolls of blinking
 l - 7 scrolls of remove curse
 m - 3 scrolls of amnesia
 O - 2 scrolls of fog
Potions
 d - 6 potions of curing
 e - a potion of invisibility
 f - a potion of haste
 g - 3 potions of magic
 k - 9 potions of heal wounds
 r - 2 potions of mutation
 B - 3 potions of might
 K - 2 potions of lignification
Books
 h - a book of Minor Magic

   Spells                             Type                      Level
   a - Magic Dart                     Conjuration                  1
   b - Blink                          Translocation                2
   c - Call Imp                       Summoning                    2
   d - Slow                           Hexes                        2
   e - Conjure Flame                  Conjuration/Fire             3
   f - Mephitic Cloud                 Conjuration/Poison/Air       3
 j - Lugg's Tome of the Cloudy Oath
   (Sif Muna gifted it to you in the Dungeon)

   Spells                             Type                      Level
   a - Portal Projectile              Hexes/Translocation          3
   b - Airstrike                      Air                          4
   c - Deflect Missiles               Charms/Air                   6
   d - Darkness                       Hexes                        6
 o - a book of Necromancy

   Spells                             Type                      Level
   a - Pain                           Necromancy                   1
   b - Animate Skeleton               Necromancy                   1
   c - Vampiric Draining              Necromancy                   3
   d - Regeneration                   Charms/Necromancy            3
   e - Animate Dead                   Necromancy                   4
   f - Control Undead                 Necromancy                   4
 z - Sif Muna's Collected Works on Flight
   (Sif Muna gifted it to you in the Dungeon)

   Spells                             Type                      Level
   a - Poisonous Vapours              Poison/Air                   2
   b - Lightning Bolt                 Conjuration/Air              5
   c - Silence                        Hexes/Air                    5
   d - Conjure Ball Lightning         Conjuration/Air              6
   e - Chain Lightning                Conjuration/Air              8
   f - Tornado                        Air                          9
 D - Sif Muna's Reference Book on Assistive Earth
   (Sif Muna gifted it to you in the Dungeon)

   Spells                             Type                      Level
   a - Shroud of Golubria             Charms/Translocation         2
   b - Swiftness                      Charms/Air                   2
   c - Iron Shot                      Conjuration/Earth            6
   d - Lehudib's Crystal Spear        Conjuration/Earth            8
 E - Sif Muna's Incunabulum of Evil
   (Sif Muna gifted it to you in the Dungeon)

   Spells                             Type                      Level
   a - Pain                           Necromancy                   1
   b - Animate Dead                   Necromancy                   4
   c - Excruciating Wounds            Charms/Necromancy            5
   d - Dispel Undead                  Necromancy                   5
   e - Infestation                    Necromancy                   8
 I - a book of Conjurations

   Spells                             Type                      Level
   a - Magic Dart                     Conjuration                  1
   b - Searing Ray                    Conjuration                  2
   c - Dazzling Spray                 Conjuration/Hexes            3
   d - Fulminant Prism                Conjuration/Hexes            4
   e - Force Lance                    Conjuration/Translocation    4
   f - Iskenderun's Mystic Blast      Conjuration                  4
 N - Sif Muna's Collected Works on Combat Magic and the Frostbite
   (Sif Muna gifted it to you in the Dungeon)

   Spells                             Type                      Level
   a - Ensorcelled Hibernation        Hexes/Ice                    2
   b - Conjure Flame                  Conjuration/Fire             3
   c - Stone Arrow                    Conjuration/Earth            3
   d - Metabolic Englaciation         Hexes/Ice                    5
   e - Freezing Cloud                 Conjuration/Ice/Air          6
   f - Spellforged Servitor           Conjuration/Summoning        7
   g - Fire Storm                     Conjuration/Fire             9
 P - a book of Cantrips

   Spells                             Type                      Level
   a - Confusing Touch                Hexes                        1
   b - Animate Skeleton               Necromancy                   1
   c - Summon Small Mammal            Summoning                    1
   d - Apportation                    Translocation                1
 V - Sif Muna's Guide on Sinister Snow
   (Sif Muna gifted it to you in the Dungeon)

   Spells                             Type                      Level
   a - Simulacrum                     Ice/Necromancy               6
   b - Death Channel                  Necromancy                   6
   c - Necromutation                  Transmutation/Necromancy     8
 Z - Sif Muna's Almanac of Harmful Transmigration
   (Sif Muna gifted it to you in the Dungeon)

   Spells                             Type                      Level
   a - Iskenderun's Battlesphere      Conjuration/Charms           5
   b - Fireball                       Conjuration/Fire             5
   c - Poison Arrow                   Conjuration/Poison           6
   d - Dragon Form                    Transmutation                7
   e - Glaciate                       Conjuration/Ice              9
Comestibles
 c - 13 bread rations
 F - 40 fruits
 G - 12 meat rations
 L - 4 chunks of flesh


   Skills:
 + Level 5.0 Fighting
 - Level 2.3 Staves
 + Level 4.2 Armour
 + Level 9.8 Dodging
 - Level 2.8 Stealth
 - Level 4.4 Unarmed Combat
 + Level 22.2 Spellcasting
 * Level 15.9 Conjurations
 - Level 3.8 Charms
 + Level 16.7 Necromancy
 * Level 14.9 Air Magic
 - Level 6.8 Invocations
 - Level 3.1 Evocations


You had 7 spell levels left.
You knew the following spells:

 Your Spells              Type           Power        Failure   Level  Hunger
a - Pain                  Necr           ####         0%          1    None
b - Animate Skeleton      Necr           N/A          0%          1    None
c - Vampiric Draining     Necr           ########..   0%          3    None
d - Animate Dead          Necr           N/A          0%          4    None
e - Control Undead        Necr           ########..   0%          4    None
f - Lightning Bolt        Conj/Air       ########..   1%          5    None
g - Blink                 Tloc           N/A          1%          2    None
h - Conjure Flame         Conj/Fire      #######.     1%          3    None
i - Iron Shot             Conj/Erth      #######...   8%          6    None
j - Deflect Missiles      Chrm/Air       #######...   4%          6    None
k - Freezing Cloud        Conj/Ice/Air   #######...   2%          6    None
l - Fireball              Conj/Fire      #######...   1%          5    None
r - Regeneration          Chrm/Necr      #######...   1%          3    None


Dungeon Overview and Level Annotations

Branches:
Dungeon (1/1)

Altars:
Cheibriados
Dithmenos
Elyvilon
Fedhas
Gozag
Hepliaklqana
Kikubaaqudgha
Makhleb
Nemelex Xobeh
Okawaru
Qazlal
Ru
Sif Muna
Trog
Uskayaw
Vehumet
Wu Jian
Xom
Yredelemnul
Zin
The Shining One
Beogh
Jiyva
Lugonu

Shops:
D [*!=


Message History

The bolt of lightning hits the tyrant leech.
The tyrant leech is severely wounded.
The bolt of lightning misses the ghost crab.
You are engulfed in spectral mist.
The ghost crab breathes spectral mist at you.
The spectral mist engulfs the tyrant leech.
Casting: Lightning Bolt
Confirm with . or Enter, or press ? or * to list all spells.
Aiming: Iron Shot
Press: ? - help, Shift-Dir - straight line, f/p - tyrant leech
Aim: a tyrant leech (spectral mist, severely wounded, unusually strong)
You feel a surge of power!
The iron shot misses the tyrant leech.
The iron shot hits the spectral bat.
You destroy the spectral bat!
You are engulfed in spectral mist.
The spectral anaconda grabs Erica.
The spectral anaconda bites Erica!
The spectral anaconda constricts Erica.
The tyrant leech is engulfed in spectral mist.
The tyrant leech bites you!!!
Ouch! That really hurt!
You die...

▓▓▓▓▓▓▓▓▓▓▓▓▓▓▓♣♣♣♣♣♣♣♣♣
.............§ZZ@w§§§t..
.▓▓▓▓▓▓▓▓▓▓▓▓▓▓♣♣♣♣♣♣♣♣♣♣▓▓▓▓▓▓▓▓
...Z.......)..............ZZZ....
▓▓▓▓▓▓▓▓▓▓▓▓▓▓▓▓▓▓▓▓▓▓▓▓▓▓▓▓▓▓▓▓▓
.........'.[...)))))))).[[.[)[[[.
.▓▓▓▓▓▓▓▓▓▓▓▓▓▓▓▓▓▓▓▓▓▓▓▓▓▓▓▓▓▓▓▓
....Z............................
▓▓▓▓▓▓▓▓▓▓▓▓▓▓▓▓▓▓▓▓▓▓▓▓▓▓▓▓▓▓▓▓▓
.............'ZZZ).))Z.....ZZZ)))


You could see a tyrant leech, a ghost crab, a spectral anaconda and the friendly
Erica the human skeleton.

Vanquished Creatures
  Rupert (D)
  A thorn hunter (D)
  A stone giant (D)
  A fire dragon (D)
  Harold (D)
  Erolcha (D)
  An ogre mage (D)
  A great orb of eyes (D)
  2 centaur warriors (D)
  A catoblepas (D)
  6 death yaks (D)
  Erica (D)
  3 two-headed ogres (D)
  An alligator (D)
  A spriggan druid (D)
  2 orc knights (D)
  A manticore (D)
  3 orc sorcerers (D)
  An ugly thing (D)
  Maurice (D)
  6 spiny frogs (D)
  A black mamba (shapeshifter) (D)
  A komodo dragon (D)
  A polar bear (D)
  A troll (D)
  A bog body (D)
  2 hippogriffs (D)
  A shadow (D)
  2 yaks (D)
  A wyvern (D)
  A hungry ghost (D)
  2 water moccasins (D)
  3 porcupines (D)
  12 orc warriors (D)
  2 ogres (D)
  A crocodile (D)
  A centaur (D)
  4 bullfrogs (D)
  A killer bee (D)
  2 wights (D)
  A hound (D)
  15 orc wizards (D)
  A worker ant (D)
  A shadow imp (D)
  An adder skeleton (D)
  A dart slug (D)
  7 orcs (D)
  A goblin (D)
  A hobgoblin (D)
  A jackal (D)
  A quokka (D)
  2 bats (D)
  A leopard gecko skeleton (D)
111 creatures vanquished.

Vanquished Creatures (collateral kills)
  A great orb of eyes (D)
  A crimson imp (D)
2 creatures vanquished.

Grand Total: 113 creatures vanquished

Notes
Turn   | Place    | Note
-------+----------+-------------------------------------------
     0 | D        | minicreteconcrete the Deep Elf Necromancer began the quest for the Orb.
     0 | D        | Reached XP level 1. HP: 10/10 MP: 6/6
     8 | D        | Reached skill level 5 in Necromancy
    46 | D        | Learned a level 1 spell: Animate Skeleton
   200 | D        | Noticed a hound
   200 | D        | Noticed a worker ant
   200 | D        | Noticed an ogre
   209 | D        | Killed a hound
   209 | D        | Reached skill level 1 in Unarmed Combat
   209 | D        | Reached skill level 4 in Spellcasting
   209 | D        | Reached XP level 2. HP: 12/15 MP: 3/9
   209 | D        | Reached XP level 3. HP: 15/19 MP: 3/10
   215 | D        | Learned a level 3 spell: Vampiric Draining
   219 | D        | Learned a level 3 spell: Regeneration
   287 | D        | Reached skill level 5 in Spellcasting
   346 | D        | Killed an ogre
   346 | D        | Reached skill level 1 in Fighting
   346 | D        | Reached skill level 7 in Spellcasting
   346 | D        | Reached XP level 4. HP: 15/25 MP: 4/15
   346 | D        | Reached XP level 5. HP: 18/29 MP: 4/17
   366 | D        | Found a roughly hewn altar of Beogh.
   366 | D        | Found a snail-covered altar of Cheibriados.
   366 | D        | Found a shadowy altar of Dithmenos.
   366 | D        | Found a white marble altar of Elyvilon.
   366 | D        | Found a blossoming altar of Fedhas.
   366 | D        | Found an opulent altar of Gozag.
   367 | D        | Found a hazy altar of Hepliaklqana.
   368 | D        | Found a viscous altar of Jiyva.
   369 | D        | Found an ancient bone altar of Kikubaaqudgha.
   370 | D        | Found a corrupted altar of Lugonu.
   371 | D        | Found a burning altar of Makhleb.
   372 | D        | Found a sparkling altar of Nemelex Xobeh.
   373 | D        | Found an iron altar of Okawaru.
   374 | D        | Found a stormy altar of Qazlal.
   375 | D        | Found a sacrificial altar of Ru.
   376 | D        | Found a deep blue altar of Sif Muna.
   377 | D        | Found a bloodstained altar of Trog.
   378 | D        | Found a hide-covered altar of Uskayaw.
   379 | D        | Found a radiant altar of Vehumet.
   380 | D        | Found an ornate altar of the Wu Jian Council.
   381 | D        | Found a shimmering altar of Xom.
   382 | D        | Found a basalt altar of Yredelemnul.
   383 | D        | Found a glowing silver altar of Zin.
   384 | D        | Became a worshipper of Sif Muna the Loreminder
   385 | D        | Found a glowing golden altar of the Shining One.
   403 | D        | Got the +2 morningstar "Xarhegynuf" {crush, *Corrode rPois rN+++ Str-3}
   432 | D        | Learned a level 4 spell: Animate Dead
   437 | D        | Learned a level 4 spell: Control Undead
   437 | D        | Noticed a two-headed ogre
   437 | D        | Noticed a centaur
   437 | D        | Noticed an orc warrior
   443 | D        | Reached skill level 5 in Dodging
   445 | D        | Reached * piety under Sif Muna
   445 | D        | Reached skill level 8 in Spellcasting
   445 | D        | Reached skill level 1 in Charms
   445 | D        | Reached skill level 10 in Necromancy
   445 | D        | Killed a centaur
   445 | D        | Reached skill level 9 in Spellcasting
   445 | D        | Reached XP level 6. HP: 22/34 MP: 17/20
   447 | D        | Reached skill level 10 in Spellcasting
   447 | D        | Reached skill level 1 in Evocations
   448 | D        | Killed a two-headed ogre
   448 | D        | Reached ** piety under Sif Muna
   448 | D        | Reached *** piety under Sif Muna
   448 | D        | Reached skill level 13 in Spellcasting
   448 | D        | Reached XP level 7. HP: 26/40 MP: 17/25
   457 | D        | Reached **** piety under Sif Muna
   457 | D        | Reached XP level 8. HP: 29/44 MP: 5/27
   484 | D        | Noticed a centaur warrior
   484 | D        | Noticed a troll
   484 | D        | Noticed a two-headed ogre
   492 | D        | Killed a centaur warrior
   492 | D        | Reached skill level 14 in Spellcasting
   503 | D        | Reached skill level 15 in Spellcasting
   512 | D        | Killed a troll
   512 | D        | Reached ***** piety under Sif Muna
   512 | D        | Identified Sif Muna's Collected Works on Flight (Sif Muna gifted it to you in the Dungeon)
   512 | D        | Received a gift from Sif Muna
   512 | D        | Reached skill level 5 in Invocations
   512 | D        | Reached XP level 9. HP: 18/49 MP: 3/30
   518 | D        | Killed a two-headed ogre
   518 | D        | Reached skill level 1 in Staves
   518 | D        | Reached skill level 16 in Spellcasting
   518 | D        | Reached skill level 15 in Necromancy
   542 | D        | Learned a level 5 spell: Lightning Bolt
   662 | D        | Noticed a spiny frog
   662 | D        | Noticed a komodo dragon
   667 | D        | Noticed a spiny frog
   670 | D        | Killed a spiny frog
   670 | D        | Reached skill level 1 in Conjurations
   674 | D        | Noticed a spiny frog
   676 | D        | Reached skill level 1 in Air Magic
   690 | D        | Noticed a catoblepas
   750 | D        | Killed a komodo dragon
   756 | D        | Killed a spiny frog
   756 | D        | Received a gift from Sif Muna
   756 | D        | Reached skill level 5 in Conjurations
   765 | D        | Killed a catoblepas
   765 | D        | Reached XP level 10. HP: 20/55 MP: 20/32
   776 | D        | Learned a level 2 spell: Blink
   780 | D        | Learned a level 3 spell: Conjure Flame
   799 | D        | Killed a spiny frog
   834 | D        | Identified Sif Muna's Reference Book on Assistive Earth (Sif Muna gifted it to you in the Dungeon)
   834 | D        | Received a gift from Sif Muna
   837 | D        | Noticed a spiny frog
   838 | D        | Reached skill level 1 in Armour
   838 | D        | Reached skill level 17 in Spellcasting
   855 | D        | Killed a spiny frog
   874 | D        | Noticed a death yak
   874 | D        | Noticed a death yak
   874 | D        | Noticed a death yak
   874 | D        | Noticed a death yak
   874 | D        | Noticed a death yak
   886 | D        | Killed a death yak
   889 | D        | Noticed a death yak
   891 | D        | Killed a death yak
   891 | D        | Identified Sif Muna's Incunabulum of Evil (Sif Muna gifted it to you in the Dungeon)
   891 | D        | Received a gift from Sif Muna
   891 | D        | Killed a death yak
   891 | D        | Reached skill level 18 in Spellcasting
   891 | D        | Reached skill level 10 in Conjurations
   891 | D        | Reached XP level 11. HP: 53/60 MP: 5/35
   893 | D        | Killed a death yak
   893 | D        | Killed a death yak
   893 | D        | Reached skill level 10 in Air Magic
   894 | D        | Killed a death yak
   978 | D        | Noticed Maurice
   979 | D        | Noticed Harold
   984 | D        | Killed Harold
   984 | D        | Received a gift from Sif Muna
   984 | D        | Reached ****** piety under Sif Muna
   990 | D        | Killed Maurice
   990 | D        | Reached skill level 19 in Spellcasting
  1083 | D        | Noticed an orc knight
  1095 | D        | Killed an orc knight
  1095 | D        | Identified Lugg's Tome of the Cloudy Oath (Sif Muna gifted it to you in the Dungeon)
  1095 | D        | Received a gift from Sif Muna
  1125 | D        | Noticed an orc knight
  1131 | D        | Killed an orc knight
  1177 | D        | Found Izonolao's Antique Armour Emporium.
  1177 | D        | Noticed an orc sorcerer
  1177 | D        | Noticed an orc sorcerer
  1177 | D        | Noticed an orc sorcerer
  1178 | D        | Identified Sif Muna's Collected Works on Combat Magic and the Frostbite (Sif Muna gifted it to you in the Dungeon)
  1178 | D        | Received a gift from Sif Muna
  1181 | D        | Killed an orc sorcerer
  1182 | D        | Noticed a sixfirhy
  1182 | D        | Killed an orc sorcerer
  1183 | D        | Killed an orc sorcerer
  1200 | D        | Found Fuang's General Store.
  1204 | D        | Found Coun's Distillery.
  1214 | D        | Found Caneluoss's Jewellery Shoppe.
  1227 | D        | Bought an uncursed amulet of regeneration for 330 gold pieces
  1228 | D        | Bought an uncursed ring of see invisible for 165 gold pieces
  1228 | D        | Bought the ring of Puytwagh {*Slow rF- MP+9 Str+3 Slay+5 SInv} for 596 gold pieces
  1228 | D        | Bought an uncursed ring of magical power for 220 gold pieces
  1269 | D        | Learned a level 6 spell: Iron Shot
  1276 | D        | Bought a potion of might for 40 gold pieces
  1276 | D        | Bought a scroll of identify for 20 gold pieces
  1276 | D        | Bought a scroll of amnesia for 35 gold pieces
  1276 | D        | Bought a scroll of remove curse for 30 gold pieces
  1278 | D        | Bought a fine chain mail for 237 gold pieces
  1278 | D        | Identified the +14 chain mail of the Accordion {SInv} (You bought it in a shop in the Dungeon)
  1342 | D        | Noticed Erolcha
  1346 | D        | Killed Erolcha
  1346 | D        | Identified Sif Muna's Guide on Sinister Snow (Sif Muna gifted it to you in the Dungeon)
  1346 | D        | Received a gift from Sif Muna
  1477 | D        | Noticed a two-headed ogre
  1477 | D        | Noticed a centaur warrior
  1479 | D        | Killed a two-headed ogre
  1479 | D        | Reached skill level 20 in Spellcasting
  1479 | D        | Reached XP level 12. HP: 66/66 MP: 35/38
  1480 | D        | Killed a centaur warrior
  1481 | D        | Noticed a stone giant
  1484 | D        | Noticed a great orb of eyes
  1484 | D        | Killed a stone giant
  1484 | D        | Received a gift from Sif Muna
  1484 | D        | Killed a great orb of eyes
  1492 | D        | Noticed a great orb of eyes
  1495 | D        | Noticed a fire dragon
  1501 | D        | Killed a great orb of eyes
  1503 | D        | Noticed an ogre mage
  1504 | D        | Killed an ogre mage
  1505 | D        | Killed a fire dragon
  1505 | D        | Reached skill level 15 in Conjurations
  1506 | D        | Identified Sif Muna's Almanac of Harmful Transmigration (Sif Muna gifted it to you in the Dungeon)
  1506 | D        | Received a gift from Sif Muna
  1506 | D        | Reached skill level 21 in Spellcasting
  1515 | D        | Learned a level 6 spell: Deflect Missiles
  1523 | D        | Learned a level 6 spell: Freezing Cloud
  1559 | D        | Noticed Erica
  1563 | D        | Killed Erica
  1605 | D        | Noticed Rupert
  1609 | D        | Killed Rupert
  1619 | D        | Learned a level 5 spell: Fireball
  1653 | D        | Noticed a thorn hunter
  1653 | D        | Noticed an alligator
  1654 | D        | Identified Naoduluy's Collected Works on Cold (Sif Muna gifted it to you in the Dungeon)
  1654 | D        | Received a gift from Sif Muna
  1656 | D        | Killed a thorn hunter
  1656 | D        | Reached skill level 5 in Fighting
  1656 | D        | Reached skill level 22 in Spellcasting
  1657 | D        | Reached XP level 13. HP: 72/72 MP: 25/41
  1662 | D        | Slain by a tyrant leech

Vault maps used:
D:        linesprint

Skill      XL: |  1  2  3  4  5  6  7  8  9 10 11 12 |
---------------+-------------------------------------+-----
Necromancy     | 7 9 10 13 14 15 16 | 16.7
Dodging        | 3 4 5 6 7 8 9 |  9.8
Unarmed Combat | 1 2 3 4 |  4.4
Spellcasting   | 4 7 9 13 15 16 18 20 22 | 22.2
Fighting       | 1 2 3 4 5 |  5.0
Charms         | 1 2 3 |  3.8
Evocations     | 2 3 |  3.1
Invocations    | 5 6 |  6.8
Staves         | 2 |  2.3
Conjurations   | 7 10 14 15 | 15.9
Air Magic      | 6 9 12 14 | 14.9
Armour         | 2 4 |  4.2
Stealth        | |  2.8

Action                   |  1- 3 |  4- 6 |  7- 9 | 10-12 | 13-15 || total
-------------------------+-------+-------+-------+-------+-------++-------
Melee: Unarmed           |    37 |       |       |       |       ||    37
       Quarterstaff      |       |     2 |    36 |    25 |       ||    63
Throw: Tomahawk          |       |       |     2 |     1 |       ||     3
 Cast: Pain              |    22 |       |     7 |       |       ||    29
       Animate Skeleton  |     3 |     1 |     3 |    10 |       ||    17
       Regeneration      |     2 |       |     2 |     5 |       ||     9
       Vampiric Draining |     1 |     1 |    30 |    10 |       ||    42
       Lightning Bolt    |       |       |     3 |    73 |     3 ||    79
       Animate Dead      |       |       |       |     1 |       ||     1
       Fireball          |       |       |       |     3 |       ||     3
       Deflect Missiles  |       |       |       |     1 |       ||     1
       Iron Shot         |       |       |       |       |     1 ||     1
Invok: Channel Magic     |       |       |     5 |    12 |       ||    17
Evoke: Wand              |       |     5 |     2 |       |       ||     7
  Use: Potion            |     2 |       |     2 |     1 |       ||     5
       Scroll            |       |       |     6 |     2 |       ||     8
 Stab: Sleeping          |       |       |       |     1 |       ||     1
  Eat: Chunk             |       |       |     1 |     7 |       ||     8
Armor: Robe              |    13 |       |     3 |       |       ||    16
       Troll leather arm |       |       |     5 |     4 |       ||     9
Dodge: Dodged            |    32 |     5 |    65 |    47 |       ||   149
       Deflected         |       |       |       |     1 |       ||     1

Table legend:
 A = Spawn XP
 B = Non-spawn XP
 C = Spawn XP percentage of total XP
 D = Spawn monster count
 E = Non-spawn monster count
 F = Spawn count percentage of total count
 G = Total turns spent on level
                    A         B        C        D         E        F      G
               +---------+---------+-------+---------+---------+-------+---------
         Total |       0 |   39537 |   0.0 |       0 |     113 |   0.0 |  1662
               +---------+---------+-------+---------+---------+-------+---------
             D |       0 |   39537 |   0.0 |       0 |     113 |   0.0 |  1662
               +---------+---------+-------+---------+---------+-------+---------
